Map: Green Acres

Players

A.I. 1 (Harder)

  • Race: Zerg Zerg
  • Spawn Location: 6:00

larsgj - Winner!

  • Race: Terran Terran
  • Spawn Location: 3:00

VOD

Have the link to the VOD?

Description

Time

  • Played on: April 17, 2019, 3:26 p.m.
  • Length: 19:32
Show
View Real Time Build Order
Export as new Build Order

A.I. 1 (Harder) Zerg 

Build Orders: 1 Base Baneling Bust, Pool First, Lurkers, Zergling Baneling 

Get SALT Encoding   

  12  0:00  Drone  
  13  0:12  Overlord  
  13  0:17  Drone  
  14  0:30  Drone x2  
  16  0:43  Spawning Pool  
  16  0:45  Drone  
  16  0:49  Drone  
  17  0:51  Extractor  
  17  0:55  Drone  
  17  1:06  Overlord  
  17  1:30  Queen  
  17  1:31  Zergling x4  
  21  1:36  Roach Warren  
  21  1:38  Drone  
  21  1:42  Extractor  
  20  1:47  Baneling Nest  
  20  1:51  Drone  
  20  2:00  Drone  
  21  2:10  Drone  
  22  2:21  Zergling x2  
  23  2:30  Baneling  
  23  2:31  Baneling  
  23  2:32  Drone, Baneling  
  24  2:37  Zergling x6  
  24  2:39  Baneling  
  24  2:44  Zergling x2  
  28  2:54  Drone  
  28  2:55  Metabolic Boost  
  29  3:05  Zergling x2  
  30  3:09  Overlord  
  30  3:25  Baneling  
  30  3:27  Overlord  
  30  3:28  Zergling x4, Baneling  
  30  3:32  Baneling  
  32  3:38  Baneling, Zergling x2  
  33  3:41  Drone, Zergling x4  
  33  3:48  Evolution Chamber  
  35  3:50  Drone  
  36  4:01  Drone  
  37  4:12  Drone  
  37  4:13  Drone x2  
  40  4:23  Overlord  
  39  4:34  Roach  
  41  4:43  Lair  
  41  4:44  Drone  
  41  4:45  Roach  
  44  4:51  Overlord  
  44  4:52  Roach  
  46  4:59  Roach  
  42  5:07  Roach  
  44  5:25  Zerg Melee Weapons Level 1  
  44  5:45  Drone, Hydralisk Den  
  44  5:50  Centrifugal Hooks  
  44  6:09  Burrow  
  44  6:13  Roach  
  46  6:20  Roach  
  46  6:23  Overlord  
  48  6:27  Roach  
  50  6:34  Roach  
  52  6:40  Hatchery  
  52  6:41  Roach  
  53  6:48  Hydralisk  
  55  6:55  Hydralisk  
  55  6:59  Overlord  
  57  7:02  Hydralisk  
  59  7:09  Hydralisk, Overseer  
  61  7:17  Hydralisk, Overseer  
  61  7:18  Spore Crawler  
  61  7:19  Zerg Missile Weapons Level 1  
  62  7:22  Spore Crawler  
  62  7:23  Drone  
  62  7:24  Hydralisk  
  64  7:32  Queen  
  66  7:42  Infestation Pit  
  65  7:48  Spine Crawler  
  64  7:53  Drone x2  
  66  7:58  Drone  
  66  8:05  Drone  
  68  8:10  Drone  
  69  8:13  Drone  
  69  8:16  Drone  
  69  8:18  Drone  
  72  8:21  Drone  
  72  8:24  Drone  
  72  8:26  Drone, Overlord  
  76  8:27  Drone  
  76  8:30  Drone  
  76  8:32  Drone  
  78  8:40  Lurker Den  
  77  8:46  Evolution Chamber  
  76  8:54  Hatchery  
  75  9:04  Pneumatized Carapace  
  75  9:08  Zergling x2  
  52  9:26  Hydralisk  
  52  9:31  Extractor  
  52  9:37  Hydralisk, Extractor  
  44  9:43  Roach  
  42  9:46  Overseer  
  42  9:50  Hydralisk  
  44  10:03  Overseer  
  44  10:04  Roach  
  44  10:06  Drone  
  47  10:12  Overseer  
  47  10:15  Extractor  
  47  10:16  Drone  
  47  10:19  Hydralisk, Lurker  
  50  10:23  Extractor  
  50  10:24  Drone  
  50  10:25  Hydralisk, Lurker  
  53  10:31  Lurker, Ravager  
  53  10:34  Hydralisk  
  57  10:38  Drone x3  
  57  10:41  Roach  
  62  10:46  Hydralisk, Drone x2  
  62  10:47  Drone  
  67  10:52  Hydralisk  
  69  10:57  Hydralisk  
  71  11:04  Drone  
  71  11:05  Infestor  
  71  11:06  Overlord, Drone  
  75  11:13  Lurker  
  75  11:15  Hydralisk  
  78  11:19  Drone  
  78  11:21  Drone  
  78  11:23  Lurker  
  78  11:24  Overlord  
  81  11:28  Hydralisk  
  83  11:33  Drone  
  83  11:35  Lurker  
  83  11:37  Hydralisk  
  87  11:40  Drone  
  87  11:42  Drone  
  87  11:46  Overlord  
  89  11:49  Drone  
  89  11:50  Drone  
  89  11:53  Drone  
  92  11:54  Overseer  
  92  12:04  Zerg Ground Armor Level 1  
  92  12:05  Drone  
  92  12:08  Overlord  
  93  12:09  Drone  
  93  12:11  Drone  
  93  12:13  Drone  
  93  12:15  Drone  
  97  12:17  Drone  
  98  12:26  Zergling x6  
  98  12:27  Overlord  
  101  12:33  Spire  
  100  12:43  Baneling  
  100  12:45  Overlord, Baneling, Zergling x2  
  100  12:50  Overlord  
  101  12:54  Overlord  
  101  13:02  Overseer  
  101  13:06  Baneling  
  101  13:08  Baneling  
  101  13:12  Baneling  
  101  13:13  Overlord, Zergling x2  
  102  13:28  Overseer  
  102  13:31  Overlord, Zergling x6  
  102  13:32  Zergling x2  
  106  13:37  Overseer  
  106  13:48  Baneling  
  106  13:49  Overlord, Mutalisk x2  
  106  13:50  Mutalisk x2  
  106  13:53  Baneling  
  114  13:57  Baneling  
  114  14:01  Baneling  
  114  14:05  Baneling  
  114  14:07  Overlord, Zergling x4, Mutalisk x2  
  114  14:08  Overlord x2, Zergling x2, Overseer  
  119  14:25  Zergling x2  
  119  14:26  Zergling x6, Overseer  
  119  14:27  Overlord, Zergling x2, Mutalisk  
  119  14:28  Zergling x4, Mutalisk x5  
  119  14:29  Mutalisk  
  119  14:30  Drone  
  126  14:32  Drone  
  126  14:35  Drone  
  123  14:40  Roach  
  123  14:41  Roach  
  123  14:43  Roach  
  119  14:45  Zergling x2  
  119  14:49  Overlord  
  119  14:52  Zergling x2  
  119  14:53  Spore Crawler, Zergling x2  
  119  14:57  Spore Crawler  
  106  15:01  Baneling x2, Zergling x2  
  106  15:04  Hydralisk  
  89  15:08  Hydralisk  
  89  15:11  Hydralisk  
  73  15:15  Hydralisk  
  73  15:19  Hydralisk  
  73  15:20  Hydralisk  
  61  15:23  Zergling x2  
  61  15:25  Drone, Zergling x2  
  61  15:26  Zergling x2  
  61  15:29  Zergling x2  
  61  15:31  Zergling x2  
  61  15:32  Zergling x2  
  60  15:36  Hydralisk  
  43  16:06  Hatchery  
  41  16:20  Spawning Pool  
  39  16:56  Overlord  
  39  17:02  Evolution Chamber  
  39  17:04  Evolution Chamber  
  39  17:08  Zergling x2  
  25  17:17  Drone  
  25  17:20  Zergling x2  
  26  17:24  Drone  
  26  17:25  Drone x2  
  26  17:27  Drone  
  17  17:41  Drone  
  17  17:43  Hatchery  
  8  17:47  Drone  
  8  17:50  Lair  
  9  18:00  Spawning Pool  
  8  18:17  Hatchery  
  6  18:34  Drone x2  
  6  18:39  Drone  
  9  18:45  Drone  
  10  18:53  Infestation Pit  
  10  18:55  Drone  
  10  18:56  Spire  
  10  18:58  Drone  
  10  19:02  Spire  
Show
View Real Time Build Order
Export as new Build Order

larsgj Terran - Winner!

Build Orders:  

Get SALT Encoding   

  12  0:01  SCV  
  13  0:13  Supply Depot  
  13  0:18  SCV  
  14  0:30  SCV  
  15  0:44  Barracks  
  15  0:48  Supply Depot  
  15  0:49  SCV  
  16  1:01  SCV  
  17  1:10  Supply Depot  
  17  1:13  SCV  
  18  1:23  Supply Depot  
  18  1:26  SCV  
  18  1:31  Barracks  
  19  1:35  Marine  
  19  1:38  SCV  
  21  1:53  Marine  
  22  2:01  SCV  
  23  2:10  Marine  
  23  2:13  SCV  
  25  2:26  SCV, Marine  
  25  2:28  Marine  
  28  2:38  SCV  
  28  2:41  Supply Depot  
  28  2:43  Marine  
  30  2:46  Marine  
  30  2:50  SCV  
  32  3:01  Marine  
  32  3:03  Command Center  
  32  3:04  Marine  
  34  3:14  Bunker  
  34  3:19  Marine  
  35  3:22  Marine  
  37  3:27  SCV  
  37  3:37  Marine  
  37  3:39  SCV, Marine  
  40  3:46  Bunker  
  40  3:47  Refinery  
  40  3:51  SCV, Refinery  
  41  3:55  Engineering Bay  
  41  4:03  SCV  
  42  4:15  SCV  
  43  4:17  Bunker, Refinery  
  43  4:20  SCV  
  43  4:22  Refinery  
  44  4:32  SCV  
  45  4:44  SCV  
  46  4:56  SCV  
  46  5:08  SCV  
  47  5:20  SCV  
  48  5:24  Orbital Command  
  48  5:32  SCV  
  48  5:34  Factory  
  49  5:42  Missile Turret  
  49  5:45  SCV  
  50  5:57  SCV  
  51  6:03  Missile Turret  
  51  6:18  Starport  
  51  6:23  Starport  
  51  6:26  Missile Turret  
  51  6:37  Starport  
  51  6:45  Armory  
  51  6:47  Missile Turret  
  51  6:53  Orbital Command  
  51  7:08  Marine x2  
  52  7:09  Missile Turret  
  53  7:26  Marine x2  
  53  7:28  Starport Tech Lab x3  
  55  7:32  Missile Turret  
  55  7:37  Fusion Core  
  55  7:42  Bunker  
  55  7:43  Marine  
  56  7:44  Marine  
  56  7:51  Bunker  
  57  7:53  Missile Turret  
  57  7:57  Medivac x3  
  63  8:01  Marine  
  63  8:02  Marine  
  65  8:14  Missile Turret, Terran Vehicle And Ship Armor Level 1  
  65  8:19  Marine  
  66  8:20  Marine  
  67  9:03  Battlecruiser x3  
  67  9:06  Supply Depot  
  71  9:28  Supply Depot  
  67  9:41  Marine x2  
  69  9:52  Supply Depot  
  69  9:58  Marine x2  
  71  10:07  Battlecruiser  
  71  10:09  Terran Ship Weapons Level 1  
  77  10:14  Supply Depot  
  77  10:16  Battlecruiser, Marine x2  
  85  10:34  Marine x2  
  87  10:36  Supply Depot  
  87  10:39  Bunker  
  87  10:49  Battlecruiser  
  93  10:51  Weapon Refit  
  93  10:52  Marine x2  
  95  10:58  Supply Depot  
  95  11:11  SCV  
  96  11:12  Bunker  
  96  11:23  SCV  
  97  11:29  Missile Turret  
  98  11:50  Missile Turret  
  98  11:56  SCV  
  98  12:08  SCV  
  98  12:10  Missile Turret  
  99  12:20  Battlecruiser  
  99  12:21  SCV  
  106  12:34  Command Center  
  106  12:43  Battlecruiser  
  112  12:56  Missile Turret  
  112  13:05  Battlecruiser  
  118  13:18  Missile Turret  
  118  13:39  Missile Turret  
  118  13:45  Refinery  
  118  13:46  Refinery  
  118  13:52  Orbital Command  
  118  13:58  Battlecruiser  
  118  13:59  Battlecruiser  
  136  14:30  Battlecruiser  
  136  15:03  Battlecruiser x2  
  148  15:34  Terran Vehicle And Ship Armor Level 2  
  148  15:35  Battlecruiser  
  154  16:07  Battlecruiser  
  160  16:19  Supply Depot  
  160  16:40  Battlecruiser x2  
  160  16:42  Supply Depot  
  172  17:04  Supply Depot  
  172  17:11  Battlecruiser  
  178  17:27  Supply Depot  
  178  17:45  Battlecruiser  
  178  17:49  Battlecruiser  
  178  17:50  Supply Depot  
Tags
 
Add a new tag
Caveats
  • Supply blocks, unpowered buildings, or Contaminate may cause inaccurate times.
  • Supply counts are checked every 10 seconds.